 Dungeon Crawl Stone Soup version 0.31.0-32-g396128a36d (webtiles) character file.

Game seed: 8347498030762011927

2108 TheRollingGherkin the Protected (level 9, -3/57 (75) HPs)
             Began as a Minotaur Fighter on Mar 30, 2024.
             Slain by Jeremiah
             ... wielding a +4 trident of draining
              (6 damage)
             ... on level 7 of the Dungeon.
             The game lasted 00:40:46 (10016 turns).

TheRollingGherkin the Protected (Minotaur Fighter) Turns: 10016, Time: 00:40:50

HP:   -3/57 (75)    AC: 15    Str: 23 (25) XL:     9   Next: 7%
MP:   8/8           EV:  7    Int:  2 (5)  God:
Gold: 467           SH:  4    Dex:  7 (10) Spells: 8/8 levels left

rFire   . . .        v - +1 hand axe (venom)
rCold   . . .        c - +0 buckler
rNeg    . . .        p - +0 plate armour
rPois   .            (helmet restricted)
rElec   .            j - +0 cloak
rCorr   .            (no gloves)
SInv    .            (no boots)
Will    .....        (no amulet) Stlth
                     (no ring)
HPRegen 0.29/turn    (no ring)
MPRegen 0.11/turn

%: no passive effects
@: mighty, heavily drained
A: horns 2, retaliatory headbutt
a: no special abilities


You were on level 7 of the Dungeon.
You visited 1 branch of the dungeon, and saw 7 of its levels.

You collected 467 gold pieces.

Inventory:

Hand Weapons
 a - a +0 long sword
 k - a +0 sling
 v - a +1 hand axe of venom (weapon)
 w - a +0 giant club
 G - a +2 whip of freezing
Missiles
 e - 80 stones (quivered)
 h - 23 poisoned darts
 l - a throwing net
Armour
 b - a +0 scale mail
 c - a +0 buckler (worn)
 g - a +0 chain mail
 j - a +0 cloak (worn)
 p - a +0 plate armour (worn)
 H - a +0 robe
Wands
 d - a wand of roots (7)
 C - a wand of paralysis (6)
Scrolls
 i - 2 scrolls of teleportation {unknown}
 n - 6 scrolls of identify {unknown}
 q - 3 scrolls of fog {unknown}
 r - 2 scrolls of fear {unknown}
 s - a scroll of enchant armour {unknown}
 u - 2 scrolls of vulnerability {unknown}
 x - a scroll of blinking {unknown}
 y - a scroll of amnesia {unknown}
 z - a scroll of poison {unknown}
 F - a scroll of noise {unknown}
Potions
 f - 2 potions of degeneration
 m - 2 potions of curing {unknown}
 o - a potion of berserk rage {unknown}
 t - 2 potions of brilliance {unknown}
 A - 2 potions of might
 B - a potion of heal wounds {unknown}
 D - 2 potions of enlightenment {unknown}
 E - a potion of attraction {unknown}


   Skills:
 + Level 6.1 Fighting
 + Level 7.1 Long Blades
 + Level 6.9 Axes
 + Level 8.7 Armour
 + Level 1.0 Dodging
 + Level 0.3 Stealth
 + Level 5.7 Shields


You had 8 spell levels left.
You didn't know any spells.
Your spell library contained the following spells:

 Spells                   Type           Power      Damage    Failure   Level
 Apportation              Tloc           0%         N/A       100%        1
 Magic Dart               Conj           0%         1d3       100%        1
 Necrotise                Necr           0%         1d4       100%        1
 Sting                    Conj/Alch      0%         1d3       100%        1
 Summon Small Mammal      Summ           0%         N/A       100%        1
 Searing Ray              Conj           0%         2d4       100%        2
 Frozen Ramparts          Ice            0%         1d1       100%        3
 Brom's Barrelling Bould  Conj/Erth      0%         2d3       100%        4
 Fulminant Prism          Conj/Alch      0%         3d5       100%        4
 Leda's Liquefaction      Alch/Erth      0%         N/A       100%        4
 Petrify                  Alch/Erth      0%         N/A       100%        4
 Fireball                 Conj/Fire      0%         3d3       100%        5
 Iskenderun's Battlesphe  Conj           0%         2d6       100%        5
 Metabolic Englaciation   Hex/Ice        0%         N/A       100%        5
 Conjure Ball Lightning   Conj/Air       0%         3x3d6     100%        6
 Orb of Destruction       Conj           0%         9d5       100%        7


Dungeon Overview and Level Annotations

Branches:
Dungeon (7/15)             Temple (0/1) D:5

Altars:
Ashenzari
Cheibriados
Gozag
Hepliaklqana
Kikubaaqudgha
Nemelex Xobeh
Okawaru
Uskayaw
Vehumet
Wu Jian
Xom
Yredelemnul

Shops:
D:6 !

Annotations:
D:7 Jeremiah


Innate Abilities, Weirdness & Mutations

You have a pair of horns on your head.
You reflexively headbutt those who attack you in melee.


Message History

Jeremiah hits you from afar with a +4 trident of draining.
You feel drained.
You hit the butterfly.
You kill the butterfly!
The butterfly disappears in a burst of colours!
You closely miss the butterfly. Jeremiah hits you but does no damage.
You feel drained.
You closely miss the butterfly. Your headbutt misses the butterfly.
You slash the butterfly!
You kill the butterfly!
The butterfly disappears in a burst of colours!
You barely miss the butterfly.
The butterfly disappears in a burst of colours! x2
Jeremiah hits you from afar with a +4 trident of draining!
You feel drained.
The butterfly disappears in a burst of colours! x3
Jeremiah hops!
The butterfly disappears in a burst of colours!
Jeremiah hits you but does no damage.
You feel drained.
You hit the butterfly.
You kill the butterfly!
The butterfly disappears in a burst of colours!
You miss the butterfly. You hit the butterfly.
You kill the butterfly!
The butterfly disappears in a burst of colours! x3
Jeremiah hits you from afar with a +4 trident of draining.
* * * LOW HITPOINT WARNING * * *
You feel drained.
* * * LOW HITPOINT WARNING * * *
It was a potion of degeneration.
There was something very wrong with that liquid.
You feel weakened.
You feel dopey.
You feel clumsy. Jeremiah closely misses you.
You feel very mighty all of a sudden.
The butterfly disappears in a burst of colours!
Jeremiah hits you from afar with a +4 trident of draining!
* * * LOW HITPOINT WARNING * * *
You feel drained.
You die...
Jeremiah asks, "Is it over?
Can I wake up now?"

#......#..#≈§.§≈#
#......####≈≈§≈§#
#....<.#..'.._.§+
#......#..#≈≈.§≈#
#......'..#≈≈.§≈#
#......#.b###+###
#......#...##..##
#.....b#...b....#
#....bbb@......b#
#....bF#b..###+##
#....b.#b..#
#.bb...#...#
#......+...#
#......##+##
#.)....# #......#
#......#


You could see Jeremiah.

Vanquished Creatures
  Pikel (D:7)
  3 ice beasts (D:5)
  A sky beast (D:6)
  An ogre (D:4)
  The ghost of diceflayer the Shooter, an amateur DsHu (D:3)
  2 centaurs
  A lemure (D:7)
  A phantom (D:4)
  A kobold brigand (D:3)
  2 scorpions
  2 bombardier beetles
  2 hounds
  2 jellies
  2 orc priests
  2 sleepcaps
  4 iguanas
  2 orc wizards (D:4)
  8 gnolls
  6 adders
  2 ufetubi (D:5)
  A ribbon worm (D:4)
  2 dart slugs
  9 orcs
  10 endoplasms
  6 giant cockroaches
  6 goblins
  4 hobgoblins
  11 jackals (D:1)
  17 kobolds
  5 quokkas
  6 ball pythons
  5 bats
  4 frilled lizards
  3 rats
135 creatures vanquished.

Notes
Turn   | Place    | Note
-------+----------+-------------------------------------------
     0 | D:1      | TheRollingGherkin the Minotaur Fighter began the quest for
                  | the Orb.
     0 | D:1      | Reached XP level 1. HP: 19/19 MP: 0/0
   296 | D:1      | Reached XP level 2. HP: 26/27 MP: 1/1
   337 | D:1      | Reached skill level 4 in Armour
   605 | D:1      | Reached XP level 3. HP: 27/33 MP: 2/2
  1997 | D:2      | Reached XP level 4. HP: 39/40 MP: 3/3
  2955 | D:3      | Found a runed translucent gate.
  2955 | D:3      | Noticed a kobold brigand
  2956 | D:3      | Found a runed translucent gate.
  2956 | D:3      | Found a runed translucent gate.
  2956 | D:3      | Noticed diceflayer's ghost (amateur DsHu)
  3627 | D:3      | Reached XP level 5. HP: 47/47 MP: 4/4
  4810 | D:3      | Reached skill level 5 in Long Blades
  4810 | D:3      | Reached skill level 5 in Armour
  4838 | D:3      | Killed diceflayer's ghost
  4839 | D:3      | Reached XP level 6. HP: 28/53 MP: 5/5
  5879 | D:4      | Reached XP level 7. HP: 34/60 MP: 6/6
  6027 | D:4      | Found a hazy altar of Hepliaklqana.
  6496 | D:4      | Reached skill level 1 in Axes
  6936 | D:5      | Entered Level 5 of the Dungeon
  6944 | D:5      | Reached skill level 6 in Armour
  7034 | D:5      | Reached skill level 5 in Fighting
  7313 | D:5      | Reached XP level 8. HP: 45/68 MP: 7/7
  7447 | D:5      | Reached skill level 5 in Shields
  7564 | D:5      | Reached skill level 7 in Armour
  7577 | D:5      | Found a staircase to the Ecumenical Temple.
  8223 | D:5      | Found an ancient bone altar of Kikubaaqudgha.
  8223 | D:5      | Found an ornate altar of the Wu Jian Council.
  8223 | D:5      | Found a hide-covered altar of Uskayaw.
  8225 | D:5      | Found a radiant altar of Vehumet.
  8225 | D:5      | Found a snail-covered altar of Cheibriados.
  8225 | D:5      | Found a shimmering altar of Xom.
  8240 | D:5      | Reached skill level 5 in Axes
  8247 | D:5      | Found a basalt altar of Yredelemnul.
  8247 | D:5      | Found a broken altar of Ashenzari.
  8247 | D:5      | Found an iron altar of Okawaru.
  9539 | D:6      | Found Zedghef's Distillery.
  9586 | D:6      | Found a sparkling altar of Nemelex Xobeh.
  9808 | D:7      | Noticed Pikel
  9822 | D:7      | Killed Pikel
  9823 | D:7      | Reached skill level 8 in Armour
  9823 | D:7      | Reached skill level 1 in Dodging
  9823 | D:7      | Reached XP level 9. HP: 48/75 MP: 8/8
  9960 | D:7      | Found an opulent altar of Gozag.
  9976 | D:7      | Noticed Jeremiah
 10016 | D:7      | Slain by Jeremiah

Illustrated notes

Levels and vault maps discovered:
D:1:      nagdon_arrival_double_spiral, layout_rooms, minmay_octomino_c4
D:2:      layout_basic
D:3:      layout_loops_ring, gammafunk_ghost_nasty_kobolds,
          minmay_randomly_rotated_circles
D:4:      layout_basic, kennysheep_mini_moat
D:5:      layout_loops_ring, nicolae_overflows_in_rows,
          minmay_temple_entry_glassed_door, kennysheep_generic_room_11
D:6:      layout_loops_corners, mainiacjoe_overflow_six_doors_small,
          serial_shops, shop, chequers_serial_rivers_large_b
D:7:      layout_gridville, kennysheep_little_box,
          minmay_a_box_with_orc_wizards_in_it, uniq_jeremiah,
          uniq_prince_ribbit1, uniq_joseph, uniq_pikel, uniq_crazy_yiuf_cottage,
          uniq_maggie

Skill      XL: |  1  2  3  4  5  6  7  8 |
---------------+-------------------------+-----
Fighting       | 4 5 6 |  6.1
Armour         | 4 5 6 8 |  8.7
Long Blades    | 3 4 5 6 7 |  7.1
Shields        | 4 5 |  5.7
Axes           | 4 6 |  6.9
Dodging        | 1 |  1.0
Stealth        | |  0.3

Action                     |  1- 3 |  4- 6 |  7- 9 || total
---------------------------+-------+-------+-------++-------
  Melee: Long sword        |   111 |   154 |       ||   265
         Headbutt          |    13 |    27 |    34 ||    74
         Hand axe          |       |    12 |   167 ||   179
    Use: Potion            |       |     1 |     2 ||     3
 Armour: Scale mail        |    16 |       |       ||    16
         Chain mail        |    81 |     2 |       ||    83
         Plate armour      |       |   152 |   198 ||   350
  Dodge: Dodged            |    62 |    40 |    47 ||   149
  Block: Buckler           |    26 |    33 |    32 ||    91
